 Dungeon Crawl Stone Soup version 0.20-a0-1000-g0e8f6bb (webtiles) character file.

45 Rrauwl the Gusty (level 3, 0/27 HPs)
             Began as a Bultungin Air Elementalist on Apr 12, 2017.
             Slain by Ijyb (2 damage)
             ... on level 3 of the Dungeon.
             The game lasted 00:05:31 (1327 turns).

Rrauwl the Gusty (Bultungin Air Elementalist)       Turns: 1327, Time: 00:05:32

Health: 0/27       AC:  2    Str:  8    XL:     3   Next: 64%
Magic:  5/8        EV: 13    Int: 15    God:
Gold:   96         SH:  0    Dex: 14    Spells: 9/10 levels left

rFire    . . .     SeeInvis +   h - +0 hunting sling
rCold    . . .     Gourm    .   (no shield)
rNeg     . . .     Faith    .   a - +0 robe
rPois    .         Spirit   .   (no helmet)
rElec    .         Reflect  .   (no cloak)
rCorr    .         Harm     .   (no gloves)
MR       .....                  (no boots)
Stlth    ++........             (no amulet)
Regen    0.1/turn               (no ring)
MPRegen  0.2/turn               (no ring)

@: very slightly contaminated
A: short attention span, fangs 1, see invisible, strong nose
a: no special abilities


You were on level 3 of the Dungeon.
You were not hungry.

You visited 1 branch of the dungeon, and saw 3 of its levels.

You collected 96 gold pieces.

Inventory:

Hand Weapons
 e - a +0 short sword
 h - a +0 hunting sling (weapon)
Missiles
 j - 14 stones (quivered)
Armour
 a - a +0 robe (worn)
Scrolls
 d - 2 scrolls of identify {unknown}
 g - a scroll of recharging {unknown}
 k - a scroll of remove curse {unknown}
 n - a scroll of teleportation {unknown}
Potions
 f - a potion of lignification {unknown}
 l - a potion of ambrosia {unknown}
Books
 b - a book of Air

   Spells                             Type                      Level
   a - Shock                          Conjuration/Air              1
   b - Swiftness                      Charms/Air                   2
   c - Static Discharge               Conjuration/Air              3
   d - Airstrike                      Air                          4
   e - Lightning Bolt                 Conjuration/Air              5
Comestibles
 c - a bread ration
 i - 2 royal jellies
 m - 4 chunks of flesh
 o - a meat ration


   Skills:
 + Level 1.9 Fighting
 + Level 1.3 Slings
 - Level 3.0 Dodging
 - Level 3.0 Stealth
 + Level 4.0 Spellcasting
 + Level 1.9 Conjurations
 + Level 5.1 Air Magic


You had 9 spell levels left.
You knew the following spells:

 Your Spells              Type           Power        Failure   Level  Hunger
a - Shock                 Conj/Air       ##..         4%          1    None


Dungeon Overview and Level Annotations

Branches:
Dungeon (2/15)

Altars:
Ashenzari

Annotations:
D:3 Ijyb


Innate Abilities, Weirdness & Mutations

You have a short attention span.
You have very sharp teeth.
You have supernaturally acute eyesight. (SInv)
Your uncanny sense of smell can sniff out nearby items.


Message History

Casting: Shock
Confirm with . or Enter, or press ? or * to list all spells.
You don't know that spell.
Casting: Shock
Confirm with . or Enter, or press ? or * to list all spells.
Aiming: Shock
Press: ? - help, Shift-Dir - straight line The zap hits Ijyb.
Ijyb appears unharmed.
Ijyb is moderately wounded.
The zap misses Ijyb.
Ijyb zaps a wand.
The bolt of lightning hits you!
Ouch! That really hurt!
* * * LOW HITPOINT WARNING * * *
Casting: Shock
Confirm with . or Enter, or press ? or * to list all spells.
Aiming: Shock
Press: ? - help, Shift-Dir - straight line You miscast Shock.
You are very lightly contaminated with residual magic.
Wisps of smoke drift from your hands. Ijyb hits you.
You die...

##### ##...######## ..
#..#......... ..
#..##.......# .#
#......####.# .#
##...### #@# .# #..##
#g# .#
#..#######o##.###..#
###..#......g.(......#
#........##.#o#(o.##.#
#.....#......#....g#
#.....####.#####...o.
∆ #.....# #... ...#o((
##....# ###.# #..# .#


You could see Ijyb, an orc priest, an orc and a hobgoblin.

Vanquished Creatures
  An adder (D:2)
  A dart slug (D:2)
  2 leopard geckos
  3 bats
  4 giant cockroaches (D:1)
  5 goblins
  5 hobgoblins (D:1)
  3 frilled lizards (D:1)
  2 kobolds (D:1)
  5 rats
31 creatures vanquished.

Notes
Turn   | Place    | Note
-------+----------+-------------------------------------------
     0 | D:1      | Rrauwl the Bultungin Air Elementalist began the quest for the Orb.
     0 | D:1      | Reached XP level 1. HP: 13/13 MP: 4/4
   109 | D:1      | Reached XP level 2. HP: 7/20 MP: 0/6
   348 | D:1      | Reached skill level 1 in Fighting
   997 | D:1      | Reached XP level 3. HP: 26/26 MP: 8/8
  1022 | D:2      | Reached skill level 5 in Air Magic
  1098 | D:2      | Found a shattered altar of Ashenzari.
  1208 | D:2      | Reached skill level 1 in Slings
  1286 | D:2      | You fall through a shaft!
  1313 | D:3      | Noticed Ijyb
  1327 | D:3      | Slain by Ijyb

Vault maps used:
D:1:      minmay_arrival_plants_in_alcoves, wad_floor_pattern_1,
          chequers_big_river
D:2:      nicolae_overflow_crystal_walls, ashenzari_altar_1
D:3:      nicolae_overflow_hidden_temple, uniq_jessica, uniq_crazy_yiuf_cottage,
          uniq_iyjb

Skill      XL: |  1  2  3 |
---------------+----------+-----
Stealth        | 3 |  3.0
Fighting       | 1 |  1.9
Air Magic      | 5 |  5.1
Slings         | 1 |  1.3
Spellcasting   | 4 |  4.0
Dodging        | |  3.0
Conjurations   | |  1.9

Action                   || total
-------------------------++-------
Melee: Short sword       ||    19
 Fire: Hunting sling     ||    77
 Cast: Shock             ||    13
 Stab: Sleeping          ||     2
  Eat: Chunk             ||     1
Armor: Robe              ||     6
Dodge: Dodged            ||    34
